 Dungeon Crawl Stone Soup version 0.21-a0-178-g0b87683 (webtiles) character file.

332397 wolfsongas the Warrior (level 20, -5/154 HPs)
             Began as a Demonspawn Fighter on Aug 9, 2017.
             Was an Initiate of Gozag.
             Killed from afar by a starcursed mass (6 damage)
             ... with an accursed screaming
             ... on level 3 of the Abyss on Aug 10, 2017.
             The game lasted 02:19:23 (49871 turns).

wolfsongas the Warrior (Demonspawn Fighter)        Turns: 49871, Time: 02:19:24

Health: -5/154     AC: 35    Str: 44      XL:     20   Next: 89%
Magic:  0/27       EV: 14    Int: 10 (12) God:    Gozag
Gold:   5768       SH: 22    Dex: 22      Spells: 19/19 levels left

rFire    + + .     SeeInvis .   d - +4 broad axe of Causality {flame, Fragile Str+9 Int+3 Stlth+}
rCold    + + .     Gourm    .   P - +1 shield of Parts Unknown {Str+4 Stlth+}
rNeg     . . .     Faith    .   L - +10 plate armour {ponderous}
rPois    +         Spirit   +   b - +0 Maxwell's etheric cage {RegenMP+ *Contam rElec MP+4}
rElec    +         Reflect  +   i - scarf {Spirit}
rCorr    +         Harm     .   (gloves unavailable)
MR       +....                  f - +2 pair of boots of the Lair of Beasts {+Inv}
Stlth    +++.......             s - +4 amulet of reflection
HPRegen  0.35/turn              M - ring of Liberty {rPois rC+ MP+9 Str+4 Int-2}
MPRegen  0.20/turn              I - ring of stealth

@: mighty, agile, about to teleport, resistant, slightly contaminated, glowing,
invisible (but backlit and visible), slow
A: claws 3, talons 1, iridescent scales 3, see invisible, agile 1, [blurry
vision 2], deformed body, deterioration 1, fire resistance 1, [frail 1], [low mp
3], nightstalker 3, poison resistance, powered by pain 2, shaggy fur 1, wild
magic 1
}: 2/15 runes: decaying, gossamer
a: Potion Petition, Call Merchant, Bribe Branch, Renounce Religion


You were on level 3 of the Abyss.
You worshipped Gozag.
Gozag was greatly pleased with you.
You were not hungry.

You visited 7 branches of the dungeon, and saw 38 of its levels.
You visited the Abyss 1 time.
You also visited: Labyrinth and Volcano.

You collected 17103 gold pieces.
You spent 3803 gold pieces at shops.
You paid 7532 gold pieces to Gozag.

Inventory:

Hand Weapons
 d - the +4 broad axe of Causality (weapon) {flame, Fragile Str+9 Int+3 Stlth+}
   (You found it on level 5 of the Dungeon)

   It has been specially enchanted to burn those struck by it, causing extra
   injury to most foes and up to half again as much damage against particularly
   susceptible opponents.
   Big, fiery blades are also staple armaments of hydra-hunters.
   It affects your strength (+9).
   It affects your intelligence (+3).
   It will be destroyed if unequipped.
   It makes you more stealthy.
Armour
 b - the +0 Maxwell's etheric cage (worn) {RegenMP+ *Contam rElec MP+4}
   (You found it on level 1 of the Elven Halls)

   It insulates you from electricity.
   It affects your magic capacity (+4).
   It causes magical contamination when unequipped.
 f - the +2 pair of boots of the Lair of Beasts (worn) {+Inv}
   (You bought it in a shop on level 2 of the Lair of Beasts)

   It lets you turn invisible.
 i - a scarf of spirit shield (worn)
 K - a +2 hat of magic resistance
 L - a +10 plate armour of ponderousness (worn)
 P - the +1 shield of Parts Unknown (worn) {Str+4 Stlth+}
   (You bought it in a shop on level 2 of the Orcish Mines)

   It affects your strength (+4).
   It makes you more stealthy.
Jewellery
 r - an uncursed ring of wizardry
 s - a +4 amulet of reflection (around neck)
 z - an uncursed ring of protection from cold
 I - a ring of stealth (right claw)
 M - the ring of Liberty (left claw) {rPois rC+ MP+9 Str+4 Int-2}
   (You bought it in a shop on level 1 of the Elven Halls)

   [ring of magical power]

   It affects your strength (+4).
   It affects your intelligence (-2).
   It protects you from cold.
   It protects you from poison.
   It affects your magic capacity (+9).
 Q - an uncursed ring of protection from fire
 V - an uncursed ring of positive energy
Wands
 c - a wand of digging (17/24)
 p - a wand of disintegration (21/24)
 C - a wand of lightning (5/15)
Scrolls
 a - 9 scrolls of enchant weapon
 e - 7 scrolls of immolation
 j - 2 scrolls of amnesia
 k - 4 scrolls of recharging
 m - 3 scrolls of identify
 q - 19 scrolls of remove curse
 u - 3 scrolls of enchant armour
 v - a scroll of summoning
 w - 7 scrolls of fog
 y - 7 scrolls of teleportation
 D - a scroll of magic mapping
 O - 3 scrolls of fear
Potions
 g - 2 potions of heal wounds
 h - 2 potions of agility
 l - 5 potions of flight
 n - 4 potions of lignification
 A - 9 potions of curing
 E - 7 potions of ambrosia
 F - a potion of cancellation
 H - a potion of haste
 W - 3 potions of might
Comestibles
 o - a bread ration
 B - 40 fruits
 G - 6 meat rations
 R - a royal jelly


   Skills:
 + Level 18.8 Fighting
 - Level 17.0 Axes
 + Level 17.8 Armour
 - Level 10.0 Stealth
 + Level 15.4 Shields


You had 19 spell levels left.
You didn't know any spells.

Dungeon Overview and Level Annotations

Branches:
Dungeon (15/15)            Temple (0/1) D:6            Lair (6/6) D:10
  Swamp (4/4) Lair:4       Spider (4/4) Lair:3        Slime (0/5) Lair:6
    Orc (2/2) D:10            Elf (3/3) Orc:2        Vaults (4/5) D:14
  Crypt (0/3) Vaults:2     Depths (0/5) D:15

Altars:
Cheibriados
Fedhas
Gozag
Nemelex Xobeh
Okawaru
Qazlal
Ru
Trog
Uskayaw
Yredelemnul
The Shining One
Beogh

Shops:
D:2 *   D:9 }   Orc:2 =*[[(   Elf:1 =}%=   Lair:2 [   Vaults:1 [   Vaults:3 }

Annotations:
D:10 exclusion: ice statue
Lair:4 exclusion: 3 oklob plants
Elf:2 1 runed door


Innate Abilities, Weirdness & Mutations

You have claws for hands.
You are completely covered in iridescent scales. (AC +6)
Your flesh is heat resistant. (rF+)
You are completely attuned to the shadows.
You sometimes gain power by taking damage.
You have sharp toenails.
You have supernaturally acute eyesight. (SInv)
You are agile. (Dex +2)
Armour fits poorly on your strangely shaped body.
Your body sometimes deteriorates upon taking damage.
Your system is resistant to poisons. (rPois)
You are covered in fur. (AC +1)
Your spells are a little harder to cast, but a little more powerful.
[Scrolls take you longer to read.]
[You are frail. (-10% HP)]
[Your magical capacity is extremely low. (-30% MP)]


Message History

The orb of energy reflects off an invisible shield around you!
The orb of energy hits the wretched star.
The orb of energy explodes!
The mystic blast hits your wretched star.
The daeva calls down the wrath of the Shining One upon you.
The Shining One smites you!
* * * LOW HITPOINT WARNING * * *
Your thrashing horror is struck by the Hell Sentinel's spines.
Your thrashing horror is destroyed!
The Hell Sentinel hits your wretched star!
The Hell Sentinel hits your wretched star!!
Your wretched star glows turbulently.
The orb of energy hits the Hell Sentinel.
The orb of energy explodes!
The wretched star pulses with an eldritch light!
Your vision blurs. x2; You feel less energetic.
A starcursed mass comes into view.
The starcursed mass shrieks in your mind.
You die...
Your body crumbles into a pile of gold.

X# .$..#..
....$$$$#
.#.....#. ..
##...## ##X##
##.##
##...###...
.#....X#1X...
.....*.*....
#..@..#....
##...###...
##.## #.#
#..(# ..
#..A..#
.........
..#.....#.
.###...##


You could see a starcursed mass, a Hell Sentinel, a daeva, a wretched star, a
friendly wretched star and a friendly thrashing horror.

Vanquished Creatures
  Saint Roka (Vaults:1)
  Bai Suzhen (Vaults:3)
  Nikola (Swamp:2)
  A bone dragon (Abyss:3)
  Asterion (Spider:1)
  2 sphinxes (Vaults:2)
  A tentacled starspawn (Abyss:3)
  Agnes (Spider:4)
  A thorn hunter (Swamp:4)
  A storm dragon (Vaults:4)
  A shadow dragon (Vaults:3)
  Donald (Swamp:2)
  A deep elf sorcerer (Elf:1)
  A fire giant (Vaults:1)
  Aizul (Lair:4)
  2 orc warlords (Orc:1)
  2 ghost moths
  8 emperor scorpions
  Louise (Swamp:1)
  4 ironheart preservers
  4 vault wardens
  7 stone giants
  5 very ugly things
  5 entropy weavers
  A deep elf demonologist (Elf:2)
  Nessos (D:15)
  2 deep elf annihilators (Elf:1)
  A spark wasp (Spider:4)
  A crystal guardian (Vaults:3)
  A deep elf death mage (Elf:1)
  A minotaur (Lab)
  3 great orbs of eyes
  Josephine (Lair:6)
  8 yaktaur captains
  8 vault guards
  A quicksilver dragon skeleton (Abyss:3)
  30 hydras
  2 catoblepae
  3 ice dragons
  A death knight (Vaults:4)
  18 two-headed ogres
  6 centaur warriors
  A ghost crab (Swamp:1)
  8 death yaks
  A queen ant (Lair:2)
  6 ogre magi
  A vampire mage (Abyss:3)
  A deep troll shaman (Lair:6)
  8 alligators
  2 tengu warriors
  2 thrashing horrors (Abyss:3)
  5 orc high priests
  22 deep elf knights
  9 spriggans
  5 wretched stars (Abyss:3)
  2 shadow wraiths
  15 skeletal warriors
  2 unseen horrors
  2 glowing orange brains
  A spriggan druid (Swamp:4)
  16 swamp dragons
  A wizard (D:15)
  2 deep trolls
  5 shambling mangroves
  10 ironbrand convokers
  15 orb spiders
  10 deep elf archers
  22 harpies
  26 wolf spiders
  A necromancer (Vaults:1)
  6 orc sorcerers
  A shining eye (Abyss:3)
  10 orc knights
  The ghost of wolfsongas the Carver, a novice DsFi (D:6)
  An oklob plant (Lair:4)
  59 deep elf magi
  11 ugly things
  A worldbinder (Abyss:3)
  7 cyclopes
  A manticore (D:12)
  9 elephants
  A naga mage (D:15)
  2 moths of wrath
  4 black mambas
  Psyche (D:11)
  An apocalypse crab (Abyss:3)
  A molten gargoyle (Volcano)
  7 gargoyles
  20 spiny frogs
  7 vault sentinels
  3 smoke demons (Abyss:3)
  5 komodo dragons
  2 kobold demonologists (D:14)
  9 demonic crawlers
  A yaktaur (shapeshifter) (Vaults:2)
  5 freezing wraiths
  31 yaktaurs
  2 efreet
  An ancient zyme (Abyss:3)
  3 rime drakes
  3 meliai (D:14)
  30 jumping spiders
  9 trolls
  19 hornets
  A polar bear (shapeshifter) (Vaults:2)
  A queen bee (D:14)
  6 tyrant leeches
  A polar bear (Lair:6)
  8 blink frogs
  17 slime creatures
  9 hippogriffs
  9 bog bodies
  5 air elementals
  2 shadows
  27 tarantellas
  8 raiju (Abyss:3)
  68 redbacks
  2 water elementals
  A vampire (D:12)
  5 fire bats
  4 wyverns
  A fire dragon skeleton (Abyss:3)
  6 wraiths
  31 yaks
  2 basilisks
  27 vampire mosquitoes
  A chaos spawn (Abyss:3)
  5 hungry ghosts
  13 large abominations (Abyss:3)
  4 fire elementals
  A neqoxec (Abyss:3)
  A naga (shapeshifter) (Vaults:3)
  4 wargs
  10 insubstantial wisps
  12 swamp worms
  20 soldier ants (Lair:2)
  An acid dragon (D:15)
  3 hell hounds (Abyss:3)
  19 swamp drakes
  14 water moccasins
  7 porcupines
  An eye of draining (shapeshifter) (D:14)
  A meliai simulacrum (D:15)
  35 orc warriors
  7 ice beasts
  4 sky beasts
  A black bear (shapeshifter) (Vaults:1)
  2 black bears
  2 eyes of draining
  A necrophage (D:11)
  44 wolves
  2 phantoms
  6 boggarts (Vaults:2)
  16 ogres
  5 small abominations (Abyss:3)
  9 centaurs
  14 crocodiles
  5 big kobolds
  4 earth elementals
  18 bullfrogs
  A gnoll sergeant (D:10)
  4 scorpions
  24 killer bees
  A human simulacrum (Vaults:3)
  An orc simulacrum (Vaults:1)
  11 wights
  8 electric eels
  3 howler monkeys
  5 centaur zombies
  6 crimson imps
  2 lava snakes (Volcano)
  A quasit (D:12)
  2 bullfrog skeletons
  7 hounds
  8 jellies
  22 orc priests
  5 centaur skeletons
  5 iguanas
  Natasha (thrice) (D:4)
  25 orc wizards
  33 worker ants
  A hound zombie (D:9)
  4 hound skeletons
  11 gnolls
  20 adders
  A shadow imp (D:6)
  A white imp (Abyss:3)
  An ufetubus (Abyss:3)
  An ooze (D:1)
  An adder zombie (D:4)
  An adder skeleton (D:4)
  A worm (D:6)
  A dart slug (D:2)
  6 leopard geckos
  109 orcs
  A ball python (D:2)
  14 bats
  6 giant cockroaches
  7 goblins
  11 hobgoblins
  11 jackals
  17 kobolds
  6 quokkas
  3 frilled lizards
  A jackal zombie (D:6)
  A leopard gecko zombie (D:5)
  A quokka skeleton (D:7)
  8 rats
  7 fungi
  A lurking horror (Abyss:3)
  7 plants
  A starspawn tentacle (Abyss:3)
1590 creatures vanquished.

Vanquished Creatures (collateral kills)
  An ironbrand convoker (Vaults:2)
1 creature vanquished.

Vanquished Creatures (others)
  A hydra (Swamp:4)
  21 dancing weapons
  A deep elf knight (Elf:1)
  2 deep elf archers
  A deep elf mage (Elf:2)
  2 yaktaurs
  A rime drake (Swamp:4)
  A fire bat (Abyss:3)
  A tarantella (Spider:1)
  A centaur (D:14)
  An orc (Vaults:1)
  8 fungi
  7 plants
  11 starspawn tentacles (Abyss:3)
59 creatures vanquished.

Grand Total: 1650 creatures vanquished

Notes
Turn   | Place    | Note
-------+----------+-------------------------------------------
     0 | D:1      | wolfsongas the Demonspawn Fighter began the quest for the Orb.
     0 | D:1      | Reached XP level 1. HP: 18/18 MP: 1/1
     3 | D:1      | Noticed a five-headed hydra
     9 | D:1      | Noticed a black mamba
   265 | D:1      | Gained mutation: You sometimes gain a little power by taking damage. [demonic ancestry]
   265 | D:1      | Reached XP level 2. HP: 24/24 MP: 2/2
   979 | D:2      | Gained mutation: You have sharp fingernails. [demonic ancestry]
   979 | D:2      | Reached XP level 3. HP: 25/29 MP: 3/3
  1115 | D:2      | Found an iron altar of Okawaru.
  1336 | D:2      | Found an opulent altar of Gozag.
  1338 | D:2      | Found Gozag's Platinum Reserve.
  1346 | D:2      | Became a worshipper of Gozag Ym Sagoz the Greedy
  1739 | D:2      | Gained mutation: You are partially covered in iridescent scales. (AC +2) [demonic ancestry]
  1739 | D:2      | Reached XP level 4. HP: 28/35 MP: 2/4
  2673 | D:3      | Gained mutation: You sometimes gain power by taking damage. [demonic ancestry]
  2673 | D:3      | Reached XP level 5. HP: 35/41 MP: 3/5
  2674 | D:3      | Reached skill level 5 in Axes
  3066 | D:3      | Reached XP level 6. HP: 28/47 MP: 2/6
  3194 | D:3      | Found a blossoming altar of Fedhas.
  3434 | D:4      | Noticed Natasha
  3448 | D:4      | Killed Natasha
  3728 | D:4      | Noticed Natasha
  3734 | D:4      | Killed Natasha
  3771 | D:4      | Got an iridescent quarterstaff
  3772 | D:4      | Identified the cursed +0 quarterstaff of the Red Skies {flame, MR- Str+5} (You found it on level 4 of the Dungeon)
  3838 | D:4      | Found a snail-covered altar of Cheibriados.
  3862 | D:4      | Noticed Natasha
  3870 | D:4      | Killed Natasha
  4279 | D:4      | Found a glowing golden altar of the Shining One.
  4550 | D:5      | Entered Level 5 of the Dungeon
  4603 | D:5      | Reached XP level 7. HP: 34/52 MP: 7/7
  4858 | D:5      | Found a hide-covered altar of Uskayaw.
  5090 | D:5      | Noticed a hippogriff
  5099 | D:5      | Killed a hippogriff
  5469 | D:5      | Gained mutation: You are slightly more attuned to the shadows. [demonic ancestry]
  5469 | D:5      | Reached XP level 8. HP: 44/60 MP: 8/8
  5683 | D:5      | Reached skill level 4 in Fighting
  5771 | D:5      | Got a polished broad axe
  5772 | D:5      | Identified the +4 broad axe of Causality {flame, Fragile Str+9 Int+3 Stlth+} (You found it on level 5 of the Dungeon)
  5804 | D:5      | Found a blossoming altar of Fedhas.
  5956 | D:6      | Noticed wolfsongas's ghost (novice DsFi)
  5969 | D:6      | Killed wolfsongas's ghost
  6550 | D:6      | Gained mutation: You are significantly more attuned to the shadows. [demonic ancestry]
  6550 | D:6      | Reached XP level 9. HP: 52/67 MP: 9/9
  6571 | D:6      | Reached skill level 5 in Fighting
  6784 | D:6      | Found a staircase to the Ecumenical Temple.
  7062 | D:7      | Reached skill level 5 in Shields
  7081 | D:7      | Found a basalt altar of Yredelemnul.
  7344 | D:7      | Found a bloodstained altar of Trog.
  7585 | D:8      | Reached skill level 5 in Armour
  7734 | D:8      | Noticed a cyclops
  8352 | D:8      | Killed a cyclops
  8687 | D:9      | Found a sparkling altar of Nemelex Xobeh.
  8903 | D:9      | Found Zurhum's Gadget Boutique.
  8932 | D:9      | Identified a scroll of acquirement
  8942 | D:9      | Reached skill level 10 in Axes
  9207 | D:9      | Reached skill level 6 in Fighting
  9230 | D:9      | Noticed a two-headed ogre
  9237 | D:9      | Killed a two-headed ogre
  9237 | D:9      | Gained mutation: You have very sharp fingernails. [demonic ancestry]
  9237 | D:9      | Reached XP level 10. HP: 50/76 MP: 6/10
  9242 | D:9      | Got a faintly glowing war axe
  9243 | D:9      | Identified the +6 war axe of the Spider {freeze, rF- rC+ Int+3} (You found it on level 9 of the Dungeon)
  9936 | D:10     | Entered Level 10 of the Dungeon
 10389 | D:10     | Found a staircase to the Lair.
 10456 | D:10     | Found a staircase to the Orcish Mines.
 10539 | D:10     | Reached skill level 7 in Fighting
 10539 | D:10     | Reached skill level 1 in Stealth
 10571 | D:10     | Noticed an ice statue
 10979 | D:10     | Noticed a cyclops
 10990 | D:10     | Killed a cyclops
 11114 | D:11     | Noticed a cyan ugly thing
 11129 | D:11     | Killed a cyan ugly thing
 11486 | D:11     | Noticed Psyche
 11492 | D:11     | Killed Psyche
 11492 | D:11     | Reached XP level 11. HP: 77/84 MP: 9/11
 11943 | D:11     | Found a stormy altar of Qazlal.
 12384 | D:12     | Noticed a two-headed ogre
 12391 | D:12     | Killed a two-headed ogre
 12412 | D:12     | Gained mutation: You are covered in fur. (AC +1) [potion of mutation]
 12412 | D:12     | Gained mutation: You are weak. (Str -2) [potion of mutation]
 12412 | D:12     | Gained mutation: You evolve. [potion of mutation]
 12475 | D:12     | Noticed a two-headed ogre
 12486 | D:12     | Killed a two-headed ogre
 12585 | D:12     | Gained mutation: You have sharp toenails. [evolution]
 13189 | D:12     | Reached skill level 8 in Fighting
 13745 | D:12     | Noticed a brown ugly thing
 13751 | D:12     | Killed a brown ugly thing
 14414 | D:13     | Noticed a two-headed ogre
 14418 | D:13     | Killed a two-headed ogre
 14685 | D:12     | Noticed a seven-headed hydra
 14693 | D:12     | Killed a three-headed hydra
 14693 | D:12     | Reached skill level 5 in Stealth
 14921 | D:11     | Noticed a two-headed ogre
 14981 | Lair:1   | Entered Level 1 of the Lair of Beasts
 14993 | Lair:1   | Reached XP level 12. HP: 82/94 MP: 10/12
 15839 | Lair:1   | Reached skill level 9 in Fighting
 15940 | Lair:1   | Noticed an eight-headed hydra
 15948 | Lair:1   | Killed a four-headed hydra
 16692 | Lair:2   | Gained mutation: You rapidly evolve. [evolution]
 16692 | Lair:2   | Lost mutation: You rapidly evolve. [decline of evolution]
 16740 | Lair:2   | Noticed a queen ant
 16752 | Lair:2   | Killed a queen ant
 17802 | Lair:2   | Bought a pair of heavily runed boots for 247 gold pieces
 17802 | Lair:2   | Bought a shiny buckler for 195 gold pieces
 17802 | Lair:2   | Bought a runed hat for 182 gold pieces
 17802 | Lair:2   | Bought a shiny plate armour for 676 gold pieces
 17802 | Lair:2   | Identified the +2 pair of boots of the Lair of Beasts {+Inv} (You bought it in a shop on level 2 of the Lair of Beasts)
 17942 | Lair:3   | Reached XP level 13. HP: 75/102 MP: 9/13
 18891 | Lair:3   | Found a hole to the Spider Nest.
 19030 | Lair:3   | Reached skill level 10 in Fighting
 19444 | Lair:4   | Found a staircase to the Swamp.
 22138 | Lair:6   | Entered Level 6 of the Lair of Beasts
 22185 | Lair:6   | Found a staircase to the Slime Pits.
 22223 | Lair:6   | Reached skill level 10 in Armour
 22263 | Lair:6   | Found a dark tunnel.
 22268 | Volcano  | Entered a volcano
 22400 | Volcano  | Found a radiant altar of Vehumet.
 22428 | Volcano  | Noticed a stone giant
 22443 | Volcano  | Killed a stone giant
 22696 | Lair:6   | Gained mutation: You are completely attuned to the shadows. [demonic ancestry]
 22696 | Lair:6   | Reached XP level 14. HP: 101/111 MP: 11/14
 22738 | Lair:6   | Reached skill level 15 in Axes
 23071 | Lair:6   | Noticed Josephine
 23079 | Lair:6   | Killed Josephine
 23103 | Lair:6   | Reached skill level 11 in Fighting
 23232 | Lair:6   | Identified the +1 scale mail of Untold Secrets {rF+ MR+ Str+4 Int+3} (You found it on level 6 of the Lair of Beasts)
 23234 | Lair:6   | Identified the +10 hunting sling of the Hierophant {venom, rElec rF+ Dex+3} (You found it on level 6 of the Lair of Beasts)
 23826 | Orc:1    | Entered Level 1 of the Orcish Mines
 24049 | Orc:1    | Gained mutation: You are agile. (Dex +2) [evolution]
 24171 | Orc:2    | Entered Level 2 of the Orcish Mines
 24171 | Orc:2    | Found a staircase to the Elven Halls.
 24247 | Orc:2    | Noticed an orc warlord
 24457 | Orc:1    | Killed an orc warlord
 25151 | Orc:2    | Noticed an orc warlord
 25367 | Orc:1    | Killed an orc warlord
 26217 | Orc:2    | Found Rurchoc's Antique Armour Shop.
 26217 | Orc:2    | Found Gocokk's Antique Weapon Shop.
 26230 | Orc:2    | Found Ephif's General Store.
 26231 | Orc:2    | Found Osuajix's Jewellery Boutique.
 26239 | Orc:2    | Bought a +4 amulet of reflection for 378 gold pieces
 26325 | Orc:2    | Bought a heavily runed plate armour for 840 gold pieces
 26325 | Orc:2    | Bought a brightly glowing shield for 285 gold pieces
 26325 | Orc:2    | Identified the +0 plate armour of Cloud Cover {rPois MR+ Dex-2 SInv} (You bought it in a shop on level 2 of the Orcish Mines)
 26326 | Orc:2    | Identified the +1 shield of Parts Unknown {Str+4 Stlth+} (You bought it in a shop on level 2 of the Orcish Mines)
 26826 | D:14     | Found a roughly hewn altar of Beogh.
 27012 | D:14     | Gained mutation: You are mostly covered in iridescent scales. (AC +4) [demonic ancestry]
 27012 | D:14     | Reached XP level 15. HP: 111/120 MP: 15/15
 27252 | D:14     | Found a gate to the Vaults.
 27282 | D:14     | Reached skill level 12 in Fighting
 27353 | D:14     | Reached skill level 10 in Stealth
 27783 | D:15     | Entered Level 15 of the Dungeon
 28021 | D:15     | Noticed Nessos
 28025 | D:15     | Killed Nessos
 28045 | D:15     | Found a labyrinth entrance.
 28053 | Lab      | Entered a labyrinth
 28227 | Lab      | Gained mutation: You have supernaturally acute eyesight. (SInv) [evolution]
 28785 | D:15     | Found a sacrificial altar of Ru.
 29008 | D:15     | Found a staircase to the Depths.
 29413 | Spider:1 | Entered Level 1 of the Spider Nest
 29542 | Orc:2    | Bought an uncursed ring of poison resistance for 280 gold pieces
 30141 | Spider:4 | Entered Level 4 of the Spider Nest
 30157 | Spider:4 | Reached XP level 16. HP: 114/129 MP: 14/16
 30218 | Spider:4 | Reached skill level 13 in Fighting
 30242 | Spider:4 | Noticed Agnes
 30251 | Spider:4 | Killed Agnes
 31667 | Spider:4 | Got a gossamer rune of Zot
 31862 | Spider:4 | Lost mutation: You are weak. (Str -2) [evolution]
 32902 | Spider:4 | Reached skill level 14 in Fighting
 33398 | Spider:1 | Noticed Asterion
 33432 | Spider:1 | Got a slimy plate armour
 33480 | Spider:1 | Killed Asterion
 33486 | Spider:1 | Identified the +3 plate armour of Perpetual Drought {MP+9 SInv} (You found it on level 1 of the Spider Nest)
 33753 | Spider:1 | Gained mutation: Your spells are a little harder to cast, but a little more powerful. [evolution]
 34108 | Spider:1 | Identified the cursed +1 hand axe of Distant Shores {chop, Int+4} (You found it on level 1 of the Spider Nest)
 34208 | Spider:1 | Gained mutation: Your flesh is heat resistant. (rF+) [demonic ancestry]
 34208 | Spider:1 | Reached XP level 17. HP: 140/140 MP: 17/17
 34318 | Swamp:1  | Entered Level 1 of the Swamp
 34343 | Swamp:1  | Noticed Aizul
 34352 | Lair:4   | Reached skill level 10 in Shields
 34718 | Lair:4   | Killed Aizul
 35790 | Swamp:2  | Noticed Nikola
 35812 | Swamp:2  | Killed Nikola
 35812 | Swamp:2  | Reached skill level 15 in Fighting
 36026 | Swamp:2  | Noticed Donald
 36040 | Swamp:2  | Killed Donald
 36707 | Swamp:4  | Entered Level 4 of the Swamp
 36756 | Swamp:3  | Gained mutation: Your system is resistant to poisons. (rPois) [evolution]
 37684 | Swamp:4  | Got a decaying rune of Zot
 38616 | Swamp:3  | Gained mutation: You are completely covered in iridescent scales. (AC +6) [demonic ancestry]
 38616 | Swamp:3  | Reached XP level 18. HP: 117/150 MP: 18/18
 38659 | Swamp:3  | Found a basalt altar of Yredelemnul.
 38699 | Swamp:3  | Identified the +2 robe "Haqusuats" {Str+6 Int+2 Dex-2} (You found it on level 3 of the Swamp)
 39398 | Swamp:1  | Noticed Louise
 39415 | Swamp:1  | Killed Louise
 39575 | Elf:1    | Entered Level 1 of the Elven Halls
 39611 | Elf:1    | Reached skill level 15 in Armour
 40360 | Elf:1    | Reached skill level 16 in Fighting
 40685 | Elf:1    | Found Xureph's Food Emporium.
 40883 | Elf:1    | Found Jirozarr's Jewellery Shoppe.
 40883 | Elf:1    | Found Giet's Jewellery Shoppe.
 40884 | Elf:1    | Found Oriymusi's Gadget Boutique.
 40898 | Elf:1    | Bought the ring of Liberty {rPois rC+ MP+9 Str+4 Int-2} for 720 gold pieces
 41878 | Elf:2    | Found a runed door.
 41885 | Elf:2    | Found a runed door.
 42855 | Elf:3    | Entered Level 3 of the Elven Halls
 43097 | Elf:3    | Reached XP level 19. HP: 159/159 MP: 19/19
 43149 | Elf:3    | Gained mutation: You have claws for hands. [evolution]
 43149 | Elf:3    | Lost mutation: You evolve. [end of evolution]
 43509 | Vaults:1 | Entered Level 1 of the Vaults
 43648 | Vaults:1 | Found Ekhir's Armour Emporium.
 43779 | Vaults:1 | Noticed Saint Roka
 43801 | Vaults:1 | Reached skill level 17 in Fighting
 43806 | Vaults:1 | Killed Saint Roka
 45766 | Vaults:2 | Found a staircase to the Crypt.
 46283 | Vaults:2 | Mutation became permanent: You have very sharp fingernails. [demonic ancestry]
 46283 | Vaults:2 | Gained mutation: You have claws for hands. [demonic ancestry]
 46283 | Vaults:2 | Reached XP level 20. HP: 170/170 MP: 20/20
 46772 | Vaults:3 | Noticed Bai Suzhen
 46782 | Vaults:3 | Killed Bai Suzhen
 46782 | Vaults:3 | Reached skill level 18 in Fighting
 47478 | Vaults:3 | Found Azxe's Gadget Shop.
 47632 | Vaults:3 | Reached skill level 15 in Shields
 47967 | Vaults:3 | You fall through a shaft!
 48391 | Vaults:4 | Cast into level 3 of the Abyss (a deep elf demonologist)
 48521 | Abyss:3  | Gained mutation: Armour fits poorly on your strangely shaped body. [a shining eye]
 48794 | Abyss:3  | Found a corrupted altar of Lugonu.
 49650 | Abyss:3  | Noticed a bone dragon
 49670 | Abyss:3  | Killed a bone dragon
 49683 | Abyss:3  | Gained mutation: Your body sometimes deteriorates upon taking damage. [a neqoxec]
 49870 | Abyss:3  | HP: 1/154 [daeva/divine providence (9)]
 49871 | Abyss:3  | Killed from afar by a starcursed mass

Vault maps used:
D:1:      sevenhm_arrival_forest_fort_small_2, nrook_loot_triangle
D:2:      nicolae_gozag_zags_fifth_avenue, minmay_misc_feat_rugged,
          okawaru_altar_gauntlet_db
D:3:      fedhas_altar_3
D:4:      lemuel_crystal_altar, tso_oasis_becter, first_bread,
          roderic_aztec_sauvastika, uniq_natasha
D:5:      basic_altar, abandoned_shop, lemuel_tele_altar
D:6:      temple_doors_e, hex_medium, kennysheep_decorative_pillar
D:7:      nicolae_overflow_hidden_temple, overflow_temple_1_default
D:8:      minivault_26, blue_anna_alchemist, roderic_lattice_a,
          minmay_item_behind_shaft
D:9:      nicolae_overflow_crystal_walls, serial_shops, shop_fountains
D:10:     minmay_statue_hallways, dpeg_oklobed_lair, kennysheep_generic_room_12
D:11:     nicolae_qazlal_general_emergency, uniq_psyche
D:14:     lightli_vaults_fourway_checkpoint, special_room
D:15:     grunt_enter_depths_magical_seal, lab_entry_generic,
          nicolae_twisting_strands, hangedman_ru_absence, uniq_nessos
Lair:2:   columned_hall_lemuel, minivault_29, grunt_megastairs_3,
          infiniplex_staircase_pool_2
Lair:3:   nicolae_spider_entry_orb_guardian, serial_bayou_shore_a
Lair:4:   minmay_swamp_entry_worms, minmay_lair_oklob_chamber,
          infiniplex_staircase_pool
Lair:5:   minivault_11, nicolae_quartered_pool_super, serial_bayou_lake_a,
          lemuel_fruit_fields
Lair:6:   grunt_lair_end_beastmaster, nicolae_slime_entry_slimehenge,
          nicolae_volcano_entry_s_turn, lemuel_fruit_fields, uniq_josephine
Swamp:1:  evilmike_swamp_ruin_house_2, swamp_pool3, uniq_louise, uniq_aizul
Swamp:2:  hangedman_swamp_ruin_wall, st_swamp_mini, uniq_donald, uniq_nikola
Swamp:3:  evilmike_swamp_ruin_rubble_2, grunt_ruined_hall
Swamp:4:  swamp_alternative, swamp_pool3
Spider:1: uniq_asterion
Spider:3: spider_trap
Spider:4: grunt_spider_rune_circles, uniq_agnes
Orc:1:    uniq_fannar
Orc:2:    st_orc_congregation
Elf:1:    eino_elf_arrival_customs, serial_shops, shop_fountains,
          hangedman_elf_represent, minivault_23, minmay_shop_grove
Elf:2:    minmay_crystal_room
Elf:3:    elf_hall, serial_shops, nicolae_shop_waterfront, lemuel_flame_loot_1
Vaults:1: vaults_dpeg_diagonal, nicolae_vaults_theta, vaults_mumra_chevron_long,
          nicolae_vaults_disjoint_gnomons, vaults_dpeg_cross,
          vaults_room_large_hall, v_misc_17, vaults_room_hallway,
          vaults_room_glass_cross, vaults_mumra_chevron,
          ontoclasm_vaults_misaligned, nicolae_vaults_specimen_jars,
          nicolae_vaults_little_squares_1, serial_shops,
          nicolae_shop_window_shopping, uniq_saint_roka
Vaults:2: v_rooms_3, nicolae_vaults_little_squares_1, serial_ice_g,
          vaults_mumra_minichess_inversion, nicolae_vaults_sealed_display,
          ontoclasm_vaults_spin, vaults_room_pool, vaults_mumra_hexcomb,
          ontoclasm_vaults_chip, nicolae_vaults_ring_of_whatevers
Vaults:3: hangedman_vaults_slice, nicolae_vaults_halls_meeting,
          grunt_vaults_diagonal, hangedman_vaults_stream,
          nicolae_vaults_shelves_hall, v_misc_27, grunt_vaults_hallway_short,
          nicolae_vaults_rhombus_6, hangedman_vaults_nodes,
          nicolae_vaults_windows_and_doors_thing, nicolae_vaults_shelves_hall,
          vaults_room_fancy_cross, v_misc_9, nicolae_vaults_little_squares_3,
          serial_shops, shop, uniq_margery, uniq_bai_suzhen
Vaults:4: hangedman_vaults_corner_blocks, v_misc_26,
          nicolae_vaults_branching_niches, ontoclasm_vaults_misaligned,
          v_misc_17, ontoclasm_vaults_loading_screen, stair_cage_open,
          nicolae_vaults_what_the_h, v_misc_25,
          nicolae_vaults_network_periphery, v_misc_15, ontoclasm_vaults_tryst,
          nicolae_vaults_border_crossing, nicolae_vaults_network_quinsquares,
          uniq_frederick, uniq_jorgrun
Abyss:3:  nicolae_abyss_rune_left_handed,
          hangedman_abyss_or_decor_jellyfish_corner
Lab:      labyrinth_hidden_loot, lab_block, nicolae_lab_plus
Volcano:  volcano_grotto

Skill      XL: |  1  2  3  4  5  6  7  8  9 10 11 12 13 14 15 16 17 18 19 20 |
---------------+-------------------------------------------------------------+-----
Axes           | 2 3 4 5 7 8 10 11 12 13 14 16 17 | 17.0
Shields        | 3 4 6 7 9 11 13 14 15 | 15.4
Armour         | 3 4 5 6 8 9 10 11 12 13 14 15 16 17 | 17.8
Fighting       | 4 6 7 8 9 10 11 12 14 15 16 17 18 | 18.8
Stealth        | 2 5 7 8 9 10 | 10.0

Action                   |  1- 3 |  4- 6 |  7- 9 | 10-12 | 13-15 | 16-18 | 19-21 || total
-------------------------+-------+-------+-------+-------+-------+-------+-------++-------
Melee: War axe           |   117 |   264 |   127 |       |       |       |       ||   508
       Broad axe         |       |       |   164 |   626 |  1185 |  1452 |   988 ||  4415
Invok: Potion Petition   |       |     1 |     1 |     1 |     3 |     4 |     2 ||    12
       Call Merchant     |       |       |       |     1 |     1 |       |       ||     2
Evoke: Wand              |       |       |       |     7 |     5 |     8 |       ||    20
       Sack of spiders   |       |       |       |       |       |       |     2 ||     2
  Use: Scroll            |     4 |     5 |    13 |    14 |    15 |    15 |    13 ||    79
       Potion            |     2 |     5 |     5 |     6 |     5 |     8 |     2 ||    33
 Stab: Invisible         |       |     5 |     3 |       |     2 |       |    19 ||    29
       Sleeping          |       |       |    23 |    10 |    41 |    27 |    14 ||   115
       Distracted        |       |       |       |     7 |    18 |    23 |    15 ||    63
       Confused          |       |       |       |       |       |     1 |       ||     1
  Eat: Chunk             |     2 |       |       |       |       |       |       ||     2
       Royal jelly       |       |     1 |       |     5 |     1 |    17 |       ||    24
       Meat ration       |       |     1 |       |       |     7 |     2 |     1 ||    11
       Bread ration      |       |     1 |     4 |     4 |     4 |     1 |     3 ||    17
       Fruit             |       |       |       |     1 |       |       |       ||     1
Armor: Scale mail        |    55 |   157 |   104 |    27 |       |       |       ||   343
       Skin              |       |     5 |       |       |       |       |       ||     5
       Plate armour      |       |       |       |   272 |   707 |   915 |   439 ||  2333
Dodge: Dodged            |    40 |    93 |    76 |   151 |   258 |   311 |   214 ||  1143
Block: Shield            |    62 |   132 |   134 |   294 |   344 |  1335 |   849 ||  3150
       Buckler           |       |       |       |     5 |   222 |       |       ||   227
       Reflection        |       |       |       |       |    10 |    18 |    49 ||    77
